 Dungeon Crawl Stone Soup version 0.15.0-14-g6bbbb5c (webtiles) character file.

92 HungrySpirit the Exhumer (level 4, -1/33 HPs)
             Began as a Formicid Death Knight on Sept 4, 2014.
             Was a Follower of Yredelemnul.
             Slain by Grinder (4 damage)
             ... on Level 3 of the Dungeon.
             The game lasted 00:04:29 (3359 turns).

HungrySpirit the Exhumer (Formicid Death Knight)    Turns: 3359, Time: 00:04:31

HP  -1/33        AC  3     Str 18      XL: 4   Next: 90%
MP   8/8         EV 10     Int 11      God: Yredelemnul [*.....]
Gold 135         SH  0     Dex 10      Spells:  0 memorised,  3 levels left

rFire  . . .     SeeInvis +     a - +1 falchion
rCold  . . .     Clarity  .     b - +0 leather armour
rNeg   . . .     rCorr    .     (no shield)
rPois  .         rRot     .     (helmet unavailable)
rElec  .         Spirit   .     (no cloak)
SustAb .         Warding  .     (no gloves)
rMut   .         Stasis   +     (no boots)
Gourm  .                        (no amulet)
MR     .....                    (no ring)
                                (no ring)

@: not resistant to hostile enchantments, very unstealthy
A: permanent stasis, dig shafts and tunnels, four strong arms, antennae 3
a: Dig, Shaft Self, Animate Remains, Renounce Religion


You were on level 3 of the Dungeon.
You worshipped Yredelemnul.
Yredelemnul was aware of your devotion.
You were hungry.

You visited 1 branch of the dungeon, and saw 3 of its levels.

You collected 135 gold pieces.

Inventory:

Hand weapons
 a - a +1 falchion (weapon)
Armour
 b - a +0 leather armour (worn)
Comestibles
 c - 2 bread rations
 o - 3 fruits
 p - a meat ration
Scrolls
 d - 3 scrolls of identify {unknown}
 e - a scroll of magic mapping {unknown}
 f - a scroll of recharging {unknown}
 g - a scroll of fog {unknown}
 l - a scroll of noise {unknown}
 m - a scroll of blinking {unknown}
 n - a scroll of remove curse {unknown}
 q - a scroll of teleportation {unknown}
Jewellery
 h - an uncursed amulet of faith {unknown}
 j - a +1 ring of strength {unknown}
Potions
 i - a potion of restore abilities {unknown}
 k - a potion of agility {unknown}
 r - a potion of cure mutation {unknown}
 s - a potion of might {unknown}
 t - a potion of decay {unknown}


   Skills:
 - Level 2.1 Fighting
 * Level 4.1 Long Blades
 - Level 1.1 Armour
 - Level 0.8 Dodging
 - Level 4.1 Invocations


You had 3 spell levels left.
You didn't know any spells.

Dungeon Overview and Level Annotations

Branches:
Dungeon (3/15)

Altars:

Annotations:
D:3 Grinder


Innate Abilities, Weirdness & Mutations

Your are under a permanent stasis effect.
You can dig through walls and to a lower floor.
Your four strong arms can wield two-handed weapons with a shield.
You have a pair of large antennae on your head (SInv).


Message History

Grinder says, "You look like you could use a good racking."
You hit Grinder.
Grinder is severely wounded.
Your dark mirror aura disappears.
Grinder misses you.
You closely miss Grinder.
Grinder is severely wounded.
Grinder hits you!
* * * LOW HITPOINT WARNING * * *
You writhe in agony. x2
You barely miss Grinder.
Grinder is severely wounded.
Grinder closely misses you.
You hit Grinder but do no damage.
Grinder is severely wounded.
Grinder hits you.
* * * LOW HITPOINT WARNING * * *
You writhe in agony.
You die...
Your body rises from the dead as a mindless zombie.

...........'.........)%).....#
###......###...........)....##
#......# ##.......#.##.#..#
##.##### ##.....##.##.##.# #.#
##...###.##.##.## #.# ##+##
#.##.....# #.# #.# #.#####..#
#.# #.# #.#####..# #.# ##@##
#........# #..
##.5.##########.# #.# #.....#
#.# #.# #.####...## #.#
.........##########.#
#.######..........[.#
##############


You could see Grinder.

Vanquished Creatures
  An orc wizard (D:3)
  A giant gecko (D:1)
  4 orcs (D:3)
  A ball python (D:1)
  4 giant cockroaches
  9 goblins
  7 hobgoblins
  5 jackals (D:1)
  A kobold (D:1)
  3 quokkas
  6 bats
  A giant newt (D:1)
  7 rats
50 creatures vanquished.

Vanquished Creatures (collateral kills)
  A worm (D:2)
  A giant newt (D:1)
  2 rats (D:1)
4 creatures vanquished.

Vanquished Creatures (others)
  A bat zombie (D:2)
  A ball python zombie (D:1)
  A giant cockroach zombie (D:1)
  A giant newt zombie (D:1)
  A goblin zombie (D:3)
  A hobgoblin zombie (D:1)
  2 quokka zombies (D:3)
  A rat zombie (D:1)
9 creatures vanquished.

Grand Total: 63 creatures vanquished

Notes
Turn   | Place    | Note
--------------------------------------------------------------
     0 | D:1      | HungrySpirit, the Formicid Death Knight, began the quest for the Orb.
     0 | D:1      | Reached XP level 1. HP: 16/16 MP: 2/2
   317 | D:1      | Reached XP level 2. HP: 22/22 MP: 5/5
   567 | D:1      | Reached XP level 3. HP: 24/27 MP: 3/6
   596 | D:1      | Acquired Yredelemnul's second power
   859 | D:1      | Reached skill level 4 in Invocations
  2210 | D:2      | Reached XP level 4. HP: 30/33 MP: 8/8
  3345 | D:3      | Noticed Grinder
  3359 | D:3      | Slain by Grinder

Action                   |  1- 3 |  4- 6 || total
-------------------------+-------+-------++-------
Melee: Falchion          |   102 |    80 ||   182
Invok: Animate Remains   |    12 |     3 ||    15
       Injury Mirror     |       |     2 ||     2
  Use: Potion            |       |     2 ||     2
  Eat: Chunk             |     4 |     4 ||     8
